 Dungeon Crawl Stone Soup version 0.31-a0-879-g1609e0ac53 (webtiles) character file.

Game seed: 2819809775603122728

2043803 Flugkiller the Master Archer (level 25, 184/184 HPs)
             Began as a Deep Elf Gladiator on Oct 14, 2023.
             Was the Champion of Okawaru.
             Escaped with the Orb
             ... and 3 runes!
             The game lasted 01:26:59 (45596 turns).

Flugkiller the Master Archer (Deep Elf Gladiator)  Turns: 45596, Time: 01:27:00

Health: 184/184    AC: 12    Str:  9    XL:     25   Next: 2%
Magic:  35/35      EV: 53    Int: 18    God:    Okawaru [******]
Gold:   4348       SH:  0    Dex: 42    Spells: 24/24 levels left

rFire   + . .        o - +8 longbow "Zephyr" {speed, Dex+3 SInv}
rCold   . . .        (shield currently unavailable)
rNeg    . . .        C - +1 robe of Vines {NoPotionHeal Regen++++}
rPois   +            c - +2 helmet
rElec   .            r - scarf {repulsion}
rCorr   .            b - +2 pair of gloves {Dex+3}
SInv    +            V - +0 pair of boots of the Singing Gods {rPois rF+}
Will    +++..        L - amulet of guardian spirit
Stlth   +            E - +6 ring of dexterity
HPRegen 3.70/turn    U - +6 ring of dexterity
MPRegen 0.24/turn

%: repel missiles, guardian spirit
@: studying Short Blades
A: strong-willed 1, weak 1
0: Orb of Zot
}: 3/15 runes: decaying, slimy, gossamer
a: Renounce Religion, Heroism, Finesse, Duel


You escaped.
You worshipped Okawaru.
Okawaru was exalted by your worship.
You visited 11 branches of the dungeon, and saw 52 of its levels.
You also visited: Volcano and Wizlab.

You collected 5769 gold pieces.
You spent 1421 gold pieces at shops.

Inventory:

Hand Weapons
 o - the +8 longbow "Zephyr" (weapon) {speed, Dex+3 SInv}
   (You took it off an ironbound preserver on level 2 of the Vaults)

   Dex+3:     It affects your dexterity (+3).
   SInv:      It lets you see invisible.
 H - the +27 heavy crossbow "Sniper" {heavy, Acc+∞ SInv}
   (Okawaru gifted it to you on level 2 of the Lair of Beasts)

   Acc+∞: It never misses its target.
   SInv:      It lets you see invisible.
Missiles
 a - 9 throwing nets
 Z - 14 curare-tipped darts
Armour
 b - a +2 pair of gloves of dexterity (worn)
   (You found it in a volcano)
 c - a +2 helmet (worn)
 g - the +3 troll leather armour of the Hanged Man {rC+ rN+ Regen+ Str+2 Stlth-}
   (You took it off a deep elf pyromancer on level 3 of the Elven Halls)

   Str+2:     It affects your strength (+2).
   rC+:       It protects you from cold.
   rN+:       It protects you from negative energy.
   Regen+:    It increases your rate of health regeneration.
   Stlth-:    It makes you less stealthy.
 r - a scarf of repulsion (worn)
   (You found it on level 4 of the Spider Nest)
 C - the +1 robe of Vines (worn) {NoPotionHeal Regen++++}
   (You found it on level 5 of the Pits of Slime)

   NoPotionHeal: Its wearer cannot be healed by potions.
   Regen++++: It increases your rate of health regeneration.
 J - the +2 pair of boots of the Blessed Realm {rPois}
   (You found it on level 3 of the Elven Halls)

   rPois:     It protects you from poison
 V - the +0 pair of boots of the Singing Gods (worn) {rPois rF+}
   (You acquired it on level 13 of the Dungeon)

   rF+:       It protects you from fire.
   rPois:     It protects you from poison
Jewellery
 d - the ring "Keuna" {Fire rElec rPois Dex+2}
   (You found it in a wizard's laboratory)

   [ring of fire]

   Fire:      It enhances your fire magic.
   Dex+2:     It affects your dexterity (+2).
   rF+:       It protects you from fire.
   rC-:       It makes you vulnerable to cold.
   rElec:     It insulates you from electricity.
   rPois:     It protects you from poison
 f - a ring of protection from fire
   (You took it off a deep elf zephyrmancer on level 3 of the Elven Halls)
 j - the ring "Ykke" {Drain rF+ rC+ Will++}
   (You took it off a deep elf pyromancer on level 3 of the Elven Halls)

   [ring of protection from cold]

   rF+:       It protects you from fire.
   rC+:       It protects you from cold.
   Will++:    It greatly increases your willpower.
   Drain:     It drains your maximum health when unequipped.
 u - an amulet of the acrobat
   (You found it on level 5 of the Realm of Zot)
 E - a +6 ring of dexterity (left hand)
   (You found it on level 8 of the Dungeon)
 L - an amulet of guardian spirit (around neck)
   (You found it on level 10 of the Dungeon)
 O - the ring "Cagodgh" {Wiz rC+ Dex+4}
   (You found it on level 3 of the Lair of Beasts)

   [ring of wizardry]

   Wiz:       It improves your spell success rate.
   Dex+4:     It affects your dexterity (+4).
   rC+:       It protects you from cold.
 S - the ring of Umimotal {EV+5 Str+3 SInv}
   (You found it on level 5 of the Lair of Beasts)

   [ring of evasion]

   EV+5:      It affects your evasion (+5).
   Str+3:     It affects your strength (+3).
   SInv:      It lets you see invisible.
 U - a +6 ring of dexterity (right hand)
   (You took it off a spriggan on level 5 of the Lair of Beasts)
Wands
 v - a wand of acid (28)
   (You took it off Pikel on level 5 of the Dungeon)
 B - a wand of digging (9)
   (You found it on level 6 of the Dungeon)
 I - a wand of mindburst (15)
   (You took it off an orc warrior on level 9 of the Dungeon)
 K - a wand of iceblast (42)
   (You found it on level 5 of the Dungeon)
Scrolls
 e - a scroll of revelation
 l - 6 scrolls of enchant armour
 p - 2 scrolls of poison
 s - 7 scrolls of fear
 t - 9 scrolls of teleportation
 x - 6 scrolls of fog
 z - 7 scrolls of blinking
 F - 6 scrolls of immolation
 Q - 3 scrolls of silence
 W - 6 scrolls of vulnerability
Potions
 h - 14 potions of haste
 i - 5 potions of attraction
 k - 6 potions of ambrosia
 m - 7 potions of mutation
 n - 2 potions of resistance
 q - 19 potions of curing
 w - 25 potions of heal wounds
 y - 7 potions of magic
 D - 7 potions of cancellation
 X - a potion of invisibility
 Y - 10 potions of enlightenment


   Skills:
 + Level 26.0 Fighting
 - Level 2.8 Long Blades
 O Level 27 Ranged Weapons
 - Level 2.0 Throwing
 - Level 11.0 Armour
 - Level 25.0 Dodging
 - Level 14.0 Invocations
 - Level 6.0 Evocations


You had 24 spell levels left.
You didn't know any spells.
Your spell library contained the following spells:

 Spells                   Type           Power      Damage    Failure   Level
 Apportation              Tloc           0%         N/A       22%         1
 Magic Dart               Conj           0%         1d3       22%         1
 Necrotise                Necr           0%         1d4       22%         1
 Shock                    Conj/Air       0%         1d3       22%         1
 Slow                     Hex            0%         N/A       22%         1
 Sting                    Tmut/Pois      0%         1d3       22%         1
 Blink                    Tloc           0%         N/A       32%         2
 Cigotuvi's Dreadful Rot  Necr/Pois/Air  0%         N/A       32%         2
 Jinxbite                 Hex            0%         N/A       32%         2
 Lesser Beckoning         Tloc           0%         N/A       32%         2
 Momentum Strike          Conj/Tloc      0%         3d8       32%         2
 Poisonous Vapours        Pois/Air       0%         N/A       32%         2
 Scorch                   Fire           0%         2d5       32%         2
 Searing Ray              Conj           0%         2d4       32%         2
 Sublimation of Blood     Necr           0%         N/A       32%         2
 Wereblood                Tmut           0%         N/A       32%         2
 Confusing Touch          Hex            0%         N/A       54%         3
 Dazzling Flash           Conj/Hex       0%         N/A       54%         3
 Gell's Gravitas          Tloc           0%         N/A       54%         3
 Ignite Poison            Fire/Tmut/Pois 0%         N/A       54%         3
 Inner Flame              Hex/Fire       0%         N/A       54%         3
 Mephitic Cloud           Conj/Pois/Air  0%         N/A       54%         3
 Sigil of Binding         Hex            0%         N/A       54%         3
 Stone Arrow              Conj/Erth      0%         3d7       54%         3
 Swiftness                Air            0%         N/A       54%         3
 Teleport Other           Tloc           0%         N/A       54%         3
 Vampiric Draining        Necr           0%         2d6       54%         3
 Volatile Blastmotes      Fire/Tloc      0%         2d10      54%         3
 Airstrike                Air            0%         2d(0-16)  91%         4
 Brom's Barrelling Bould  Conj/Erth      0%         2d3       91%         4
 Cause Fear               Hex            0%         N/A       91%         4
 Dispel Undead            Necr           0%         3d6       91%         4
 Flame Wave               Conj/Fire      0%         2d4       91%         4
 Fulminant Prism          Conj/Hex       0%         3d5       91%         4
 Manifold Assault         Tloc           0%         N/A       91%         4
 Olgreb's Toxic Radiance  Pois           0%         N/A       91%         4
 Passage of Golubria      Tloc           0%         N/A       91%         4
 Petrify                  Tmut/Erth      0%         N/A       91%         4
 Sticky Flame             Conj/Fire      0%         2d3       91%         4
 Vhi's Electric Charge    Tloc/Air       0%         N/A       91%         4
 Alistair's Intoxication  Tmut/Pois      0%         N/A       99%         5
 Arcjolt                  Conj/Air       0%         1d10      99%         5
 Borgnjor's Vile Clutch   Necr/Erth      0%         N/A       99%         5
 Fireball                 Conj/Fire      0%         3d3       99%         5
 Irradiate                Conj/Tmut      0%         3d11      99%         5
 Iskenderun's Battlesphe  Conj           0%         2d6       99%         5
 Lee's Rapid Deconstruct  Erth           0%         3d4*      99%         5
 Yara's Violent Unravell  Hex/Tmut       0%         3d3       99%         5
 Conjure Ball Lightning   Conj/Air       0%         3x3d6     100%        6
 Dispersal                Tloc           0%         N/A       100%        6
 Starburst                Conj/Fire      0%         6d3       100%        6
 Orb of Destruction       Conj           0%         9d5       100%        7
 Ignition                 Fire           0%         3d3       100%        8
 Lehudib's Crystal Spear  Conj/Erth      0%         10d2      100%        8
 Maxwell's Capacitive Co  Air            0%         ∞         100%        8
 Death's Door             Necr           0%         N/A       100%        9
 Summon Small Mammal      Summ           Unusable   N/A       N/A         1
 Call Imp                 Summ           Unusable   N/A       N/A         2
 Summon Guardian Golem    Hex/Summ       Unusable   N/A       N/A         3
 Tukima's Dance           Hex            Unusable   N/A       N/A         3
 Animate Armour           Summ/Erth      Unusable   N/A       N/A         4
 Animate Dead             Necr           Unusable   N/A       N/A         4
 Summon Lightning Spire   Summ/Air       Unusable   N/A       N/A         4
 Death Channel            Necr           Unusable   N/A       N/A         6
 Summon Hydra             Summ           Unusable   N/A       N/A         7
 Dragon's Call            Summ           Unusable   N/A       N/A         9

Dungeon Overview and Level Annotations

Branches:
Dungeon (15/15)            Temple (1/1) D:7            Lair (5/5) D:9
  Swamp (4/4) Lair:3       Spider (4/4) Lair:3        Slime (5/5) Lair:4
    Orc (2/2) D:11            Elf (3/3) Orc:2        Vaults (4/5) D:14
  Crypt (0/3) Vaults:2     Depths (4/4) D:15            Zot (5/5) Depths:4
Volcano (visited)          WizLab (visited)

Altars:
Ashenzari
Cheibriados
Dithmenos
Elyvilon
Fedhas
Gozag
Hepliaklqana
Kikubaaqudgha
Makhleb
Nemelex Xobeh
Okawaru
Qazlal
Ru
Sif Muna
Trog
Uskayaw
Vehumet
Wu Jian
Xom
Yredelemnul
Zin
The Shining One
Jiyva

Shops:
D:5 :   Orc:2 *[([(   Elf:1 (   Elf:3 [   Vaults:2 !   Vaults:3 :   Vaults:4 *:

Portals:
Hell: Depths:1 Depths:2 Depths:3 Depths:4
Abyss: Depths:1 Depths:3
Pandemonium: Depths:2 Depths:4
Ziggurat: Depths:4
Trove: Vaults:1 (give 2 scrolls of acquirement)

Annotations:
D:4 1 runed translucent door, Crazy Yiuf, Prince Ribbit
D:5 exclusion: upstairs
D:14 3 runed translucent doors, Poavur's ghost, journeyman FoFi
Lair:1 3 runed translucent doors, JaaP's ghost, journeyman MiFi
Lair:4 1 runed translucent door
Swamp:4 1 runed translucent door, psellion's ghost, adept FoMo
Spider:1 2 transporters, exclusion: orange crystal statue
Slime:5 exclusion: upstairs
Depths:3 1 transporter
Zot:3 exclusion: upstairs


Innate Abilities, Weirdness & Mutations

You are strong-willed. (Will+)
You are weak. (Str -2)


Message History

Okawaru accepts your kill.
No target in view!
No target in view!
No target in view!
No target in view!
No target in view!
No target in view!
There is an open door here.
There is a stone staircase leading up here.
You climb upwards.
There is a stone staircase leading down here.
There is an open door here.
You see here a +0 morningstar.
A megabat comes into view.
An efreet comes into view.
It is wielding a +0 scimitar of flaming.
You shoot an arrow. The arrow hits the efreet!!
The efreet is severely wounded.
You shoot an arrow. The arrow hits the efreet!!
You kill the efreet!
Okawaru accepts your kill.
You shoot an arrow. The arrow hits the megabat.
You kill the megabat!
No target in view!
An Ice Fiend comes into view.
You shoot an arrow. The arrow hits the Ice Fiend!!!
The Ice Fiend is heavily wounded.
You shoot an arrow. The arrow hits the Ice Fiend.
The Ice Fiend is heavily wounded.
You shoot an arrow. The arrow hits the Ice Fiend!
The Ice Fiend is heavily wounded.
You shoot an arrow. The arrow hits the Ice Fiend.
The Ice Fiend is severely wounded.
You shoot an arrow. The arrow barely misses the Ice Fiend.
You shoot an arrow. The arrow hits the Ice Fiend!
The Ice Fiend is severely wounded.
The Ice Fiend gestures at you. The bolt of cold misses you.
You shoot an arrow. The arrow hits the Ice Fiend!!
The Ice Fiend is almost dead.
You shoot an arrow. The arrow hits the Ice Fiend!!!
You kill the Ice Fiend!
Okawaru accepts your kill.
There is a stone staircase leading up here.
You climb upwards.
There is a stone staircase leading down here.
There is a stone staircase leading up here.
You climb upwards.
There is a stone staircase leading down here.
There is a stone staircase leading up here.
You climb upwards.
There is a stone staircase leading down here.
There is a stone staircase leading up here.
You climb upwards.
There is a stone staircase leading down here.
Things that are here:
a +0 robe; a +0 dagger; an orc skeleton You see here a wand of charming (4).
You see here 5 stones.
There is a stone staircase leading up here.
You climb upwards.
There is a stone staircase leading down here.
There is a stone staircase leading up here.
You climb upwards.
Level annotation: exclusion: upstairs
There is a stone staircase leading down here.
There is a stone staircase leading up here.
You climb upwards.
Level annotation: 1 runed translucent door, Crazy Yiuf, Prince Ribbit
There is a stone staircase leading down here.
There is a stone staircase leading up here.
You climb upwards.
There is a stone staircase leading down here.
There is a stone staircase leading up here.
You climb upwards.
There is a stone staircase leading down here.
There is an open door here.
There is an open door here.
Things that are here:
5 stones; a +0 dagger
There is a stone staircase leading up here.
You climb upwards.
There is a stone staircase leading down here.
There is an open door here.
A hellion comes into view.
There is an open door here.
You shoot an arrow. The arrow hits the hellion!!
The hellion is heavily wounded.
You shoot an arrow. The arrow hits the hellion!!
You kill the hellion!
Okawaru accepts your kill.
No target in view!
No target in view!
No target in view!
No target in view!
No target in view!
No target in view!
There is a staircase leading out of the dungeon here.
Unknown command.
Enter note: gg You have escaped!

#.# #.##.............#
#.#####.##.#####.#####.#
#...(...##.#≈≈≈#.#≈≈S#.#
##########.#≈≈≈#.#≈S≈#.#
#.#≈≈≈#.#≈≈≈#.#
#.#####.#####.#
#.............#
#.8.#######.8.#
#......@......#
###############


There were no monsters in sight!

Vanquished Creatures
  the Royal Jelly (Arena)
  4 orbs of fire (Zot:5)
  An ancient lich (Zot:5)
  Sojobo (Depths:3)
  Parghit (Depths:4)
  Xtahua (Depths:3)
  10 Killer Klowns
  Saint Roka (Vaults:2)
  A curse toe (Zot:5)
  Nikola (Vaults:1)
  4 golden dragons
  2 bone dragons
  Norris (Depths:2)
  3 electric golems
  A hellephant (Depths:2)
  Jorgrun (Elf:1)
  27 Orb Guardians
  3 tentacled monstrosities
  2 deep elf blademasters (Elf:3)
  An Ice Fiend (D:11)
  A titan (Vaults:4)
  2 deep elf master archers (Elf:3)
  A quicksilver dragon (Zot:4)
  11 acid blobs
  An Executioner (D:13)
  The ghost of Ge0ff the Marksoctopus, an adept OpHs of Hepliaklqana (Spider:3)
  4 sphinxes
  3 death cobs
  3 tengu reavers
  5 shadow dragons
  4 storm dragons
  9 azure jellies
  Donald (Elf:1)
  3 draconian knights (Zot:5)
  9 rockslimes
  2 deep elf sorcerers (Elf:3)
  9 vault wardens
  An iron dragon (Depths:3)
  11 fire giants
  9 emperor scorpions
  7 ghost moths
  5 draconian scorchers
  6 frost giants
  3 deep elf elementalists (Elf:3)
  20 ironbound preservers
  5 formless jellyfish
  3 orc warlords
  2 spriggan defenders (Depths:2)
  3 draconian shifters
  8 war gargoyles
  3 draconian annihilators (Zot:5)
  A reaper (Depths:4)
  3 stone giants
  2 broodmothers
  A draconian stormcaller (Zot:5)
  9 very ugly things
  3 vampire knights
  12 ironbound thunderhulks
  8 quicksilver oozes
  3 eleionomae
  4 green draconians
  4 deep elf demonologists (Elf:3)
  17 dire elephants
  3 purple draconians (Zot:5)
  14 spark wasps
  Azrael (Elf:1)
  5 black draconians
  2 red draconians (Zot:5)
  9 deep elf annihilators
  5 bunyips
  4 yellow draconians
  5 white draconians
  A blizzard demon (Zot:4)
  A crystal guardian (WizLab)
  5 ettins
  A green death (D:15)
  A merfolk javelineer (Depths:1)
  6 deep elf death magi
  A shambling mangrove (Swamp:4)
  Josephine (D:10)
  The ghost of MirrMurr the Marksspriggan, a journeyman SpHu of Okawaru (Lair:5)
  9 entropy weavers
  3 rakshasas
  10 fire dragons
  3 deep elf high priests (Elf:3)
  Fannar (Lair:3)
  13 yaktaur captains
  12 great orbs of eyes
  A spriggan zombie (Depths:3)
  2 salamander tyrants (WizLab)
  9 hydras
  12 peacekeepers
  Harold (Orc:1)
  3 ghost crabs
  4 ice dragons
  13 centaur warriors
  7 ironbound frosthearts
  6 catoblepae
  3 spriggan air magi
  10 vault guards
  11 boulder beetles
  2 hell beasts
  4 jorogumos
  13 alligators
  The ghost of Lugonue the Grappler, a novice DrVM of Vehumet (D:9)
  30 dancing weapons
  3 death knights
  7 deep troll shamans
  4 two-headed ogres
  5 deep troll earth magi
  8 death yaks (Lair:5)
  2 orc high priests
  A vampire mage (D:15)
  5 tengu warriors
  4 spriggan berserkers
  3 hell hogs (Depths:1)
  3 soul eaters (Depths:1)
  5 sun demons (Depths:1)
  7 demonic crawlers
  12 deep elf knights
  2 hell knights (Depths:1)
  A death drake (Swamp:4)
  A shadow wraith (Vaults:2)
  6 iron trolls
  4 skysharks
  A storm dragon skeleton (Depths:3)
  7 pharaoh ants
  2 skeletal warriors
  A sun moth (Spider:4)
  8 goliath frogs
  2 flayed ghosts
  75 deep trolls
  3 spriggan druids
  9 orb spiders
  2 glowing orange brains
  6 deep elf archers
  4 swamp dragons
  7 bog bodies
  An orange crystal statue (Elf:3)
  13 lindwurms
  3 steelbarb worms
  11 harpies
  10 wizards
  6 orc knights
  Pikel (D:5)
  4 phantasmal warriors
  2 necromancers
  19 ironbound convokers
  A tengu skeleton (D:15)
  20 deep elf zephyrmancers
  4 spectral hydras (Swamp:4)
  30 deep elf pyromancers
  2 shining eyes
  4 alligator zombies (Swamp:4)
  31 wolf spiders
  6 manticores
  3 salamanders
  A shining eye (shapeshifter) (D:13)
  4 will-o-the-wisps
  25 ugly things
  3 cyclopes
  2 orc sorcerers
  16 elephants
  7 moths of wrath
  2 fire giant zombies
  10 vault sentinels
  Joseph (D:8)
  3 molten gargoyles (WizLab)
  A water nymph (shapeshifter) (Vaults:1)
  5 black mambas
  3 smoke demons
  17 cane toads
  Jeremiah (D:6)
  11 gargoyles
  2 unseen horrors (D:11)
  2 efreet
  2 freezing wraiths (D:13)
  2 rime drakes
  4 torpor snails
  3 swamp worm zombies (Swamp:4)
  A hellion (D:1)
  30 yaktaurs
  Psyche (D:9)
  7 komodo dragons
  A golden dragon simulacrum (Depths:3)
  An ice devil (Depths:4)
  A red devil (Depths:4)
  2 spriggan skeletons
  A guardian mummy (D:15)
  2 queen bees (shapeshifter)
  4 tengu conjurers
  4 bloated husks
  3 meliai (Spider:4)
  3 hydra zombies (Swamp:4)
  26 hornets
  6 trolls
  2 polar bears
  11 tyrant leeches
  37 tarantellas
  7 blink frogs
  4 air elementals
  3 spectral swamp dragons (Swamp:4)
  30 jumping spiders
  59 slime creatures
  2 vampires
  12 water elementals
  10 wraiths
  5 wyverns
  27 culicivoras
  25 spriggans
  60 yaks
  A ynoxinul (Depths:4)
  A shadow (D:11)
  3 basilisks
  17 fire bats
  A golden eye (Slime:5)
  A human (Lair:4)
  Eustachio (D:6)
  Grum (D:8)
  6 fire elementals
  4 steam dragons (Volcano)
  80 redbacks
  16 swamp worms
  9 vampire mosquitoes
  2 acid dragons (D:11)
  A glowing shapeshifter zombie (D:15)
  3 wargs
  Edmund (D:4)
  12 water moccasins
  6 hell hounds
  A floating eye (Slime:5)
  30 orc warriors
  3 ice beasts
  2 sky beasts
  5 swamp drakes
  4 black bears
  3 ogres
  4 swamp dragon zombies (Swamp:4)
  5 boggarts
  25 wolves
  13 centaurs
  4 phantoms
  A lemure (D:5)
  4 kobold brigands
  8 bullfrogs
  A scorpion (D:4)
  A gnoll sergeant (D:7)
  5 earth elementals
  16 wights
  13 killer bees
  4 howler monkeys
  5 electric eels
  6 jellies
  3 hounds (D:6)
  16 orc priests
  3 gnoll boudas
  A sleepcap (D:5)
  17 orc wizards
  2 iguanas
  2 lightning spires (WizLab)
  5 hell rats (Lair:5)
  2 adders
  15 gnolls
  A swamp drake zombie (Swamp:4)
  A shadow imp (D:7)
  2 white imps (D:8)
  2 ufetubi (D:6)
  3 worms
  2 dart slugs
  66 orcs
  3 ball pythons
  66 bats
  7 endoplasms
  8 giant cockroaches
  6 goblins
  4 jackals (D:3)
  A quokka (D:3)
  6 frilled lizards
  19 kobolds
  2 rats
2027 creatures vanquished.

Vanquished Creatures (others)
  3 bloated husks (Swamp:4)
  An orc warrior (D:9)
  A phantom (Swamp:4)
  An orc (D:9)
  14 foxfires
20 creatures vanquished.

Grand Total: 2047 creatures vanquished

Notes
Turn   | Place    | Note
-------+----------+-------------------------------------------
     0 | D:1      | Flugkiller the Deep Elf Gladiator began the quest for the
                  | Orb.
     0 | D:1      | Reached XP level 1. HP: 12/12 MP: 3/3
     3 | D:1      | Noticed an electric eel
     4 | D:1      | Noticed an electric eel
    63 | D:1      | Reached skill level 1 in Ranged Weapons
   204 | D:1      | Reached skill level 2 in Ranged Weapons
   222 | D:1      | Reached XP level 2. HP: 8/16 MP: 4/4
   322 | D:1      | Reached skill level 3 in Ranged Weapons
   952 | D:2      | Reached XP level 3. HP: 19/20 MP: 5/5
  1085 | D:2      | Reached skill level 4 in Ranged Weapons
  1118 | D:2      | Reached XP level 4. HP: 25/25 MP: 6/6
  1120 | D:2      | Found a bloodstained altar of Trog.
  1341 | D:2      | Reached skill level 5 in Ranged Weapons
  1380 | D:2      | Found a faded altar of an unknown god.
  1703 | D:3      | Reached skill level 6 in Ranged Weapons
  1703 | D:3      | Reached XP level 5. HP: 29/29 MP: 7/7
  1761 | D:3      | Found a sacrificial altar of Ru.
  1831 | D:3      | Found a sparkling altar of Nemelex Xobeh.
  2193 | D:4      | Noticed Edmund
  2337 | D:4      | Reached skill level 7 in Ranged Weapons
  2407 | D:4      | Found a runed translucent door.
  2408 | D:4      | Noticed Crazy Yiuf
  2886 | D:4      | Killed Edmund
  2887 | D:4      | Reached skill level 8 in Ranged Weapons
  2887 | D:4      | Reached XP level 6. HP: 35/35 MP: 8/8
  3245 | D:5      | Entered Level 5 of the Dungeon
  3360 | D:4      | Reached XP level 7. HP: 24/40 MP: 9/9
  3454 | D:5      | Noticed Prince Ribbit
  3468 | D:5      | Found an ancient bone altar of Kikubaaqudgha.
  3630 | D:5      | Found a hazy altar of Hepliaklqana.
  3666 | D:5      | Reached skill level 1 in Evocations
  3721 | D:5      | Found Guuc's Book Shoppe.
  3864 | D:5      | Noticed Pikel
  3869 | D:5      | Killed Pikel
  3870 | D:5      | Reached skill level 9 in Ranged Weapons
  3870 | D:5      | Reached skill level 5 in Dodging
  3870 | D:5      | Reached XP level 8. HP: 46/46 MP: 10/10
  4391 | D:6      | Noticed Jeremiah
  4616 | D:6      | Killed Jeremiah
  4617 | D:6      | Reached skill level 11 in Ranged Weapons
  4970 | D:6      | Reached XP level 9. HP: 51/52 MP: 11/11
  5121 | D:6      | Reached skill level 12 in Ranged Weapons
  5264 | D:6      | Noticed Eustachio
  5275 | D:6      | Killed Eustachio
  5593 | D:6      | Found a broken altar of Ashenzari.
  5628 | D:6      | Found a burning altar of Makhleb.
  5766 | D:6      | Found a bloodstained altar of Trog.
  6033 | D:7      | Found a staircase to the Ecumenical Temple.
  6048 | D:7      | Reached skill level 5 in Fighting
  6052 | Temple   | Entered the Ecumenical Temple
  6070 | Temple   | Became a worshipper of Warmaster Okawaru
  6191 | D:7      | Reached skill level 13 in Ranged Weapons
  6730 | D:7      | Reached * piety under Okawaru
  6789 | D:7      | Reached skill level 14 in Ranged Weapons
  6789 | D:7      | Reached skill level 1 in Invocations
  7475 | D:7      | Found a staircase to the Ecumenical Temple.
  7971 | D:8      | Noticed Joseph
  7979 | D:8      | Killed Joseph
  7979 | D:8      | Reached ** piety under Okawaru
  7980 | D:8      | Reached XP level 10. HP: 40/60 MP: 11/14
  8092 | D:8      | Noticed Grum
  8130 | D:8      | Killed Grum
  8736 | D:9      | Reached skill level 5 in Invocations
  8902 | D:9      | Found a staircase to the Lair.
  8958 | D:9      | Found a runed translucent gate.
  8959 | D:9      | Found a runed translucent gate.
  8959 | D:9      | Noticed Lugonue's ghost (novice DrVM)
  8960 | D:9      | Found a runed translucent gate.
  8960 | D:9      | Identified the +0 chain mail of the Villain {rN++}
  9246 | D:9      | Noticed Psyche
  9254 | D:9      | Reached *** piety under Okawaru
  9255 | D:9      | Killed Psyche
  9271 | D:9      | Found an ornate altar of the Wu Jian Council.
  9449 | D:9      | Killed Lugonue's ghost
  9450 | D:9      | Reached skill level 10 in Dodging
  9501 | D:9      | Identified the +2 pair of boots "Enleef" {rPois rCorr Dex-5
                  | SInv}
  9539 | D:10     | Entered Level 10 of the Dungeon
  9623 | D:10     | Reached **** piety under Okawaru
  9629 | D:10     | Reached XP level 11. HP: 42/65 MP: 17/17
  9744 | D:10     | Found a snail-covered altar of Cheibriados.
  9839 | D:10     | Noticed Josephine
  9867 | D:10     | Killed Josephine
  9868 | D:10     | Reached skill level 5 in Evocations
 10138 | D:10     | Found a blossoming altar of Fedhas.
 10176 | D:10     | Identified the +5 sling of Teigecze {drain, rElec rPois
                  | Int-4 Stlth+}
 10876 | D:11     | Noticed a two-headed ogre
 10890 | D:11     | Killed a two-headed ogre
 10890 | D:11     | Reached ***** piety under Okawaru
 11018 | D:11     | Found a staircase to the Orcish Mines.
 11177 | D:11     | Found a burning altar of Makhleb.
 11205 | D:11     | Found a runed translucent door.
 11210 | D:11     | Found a shadowy altar of Dithmenos.
 11236 | D:11     | Found a glowing silver altar of Zin.
 11260 | D:11     | Found a sparkling altar of Nemelex Xobeh.
 11292 | D:11     | Found a hazy altar of Hepliaklqana.
 11318 | D:11     | Found a basalt altar of Yredelemnul.
 11358 | D:11     | Received a gift from Okawaru
 11495 | D:11     | Noticed a flayed ghost
 11518 | D:11     | Killed a flayed ghost
 11525 | D:11     | Identified the +7 glaive of Poeloogu {flame, Dex+4 Stlth+}
 11620 | Lair:1   | Entered Level 1 of the Lair of Beasts
 11711 | Lair:1   | Reached XP level 12. HP: 65/73 MP: 20/20
 11998 | Lair:1   | Reached skill level 10 in Invocations
 12016 | Lair:1   | Received a gift from Okawaru
 12586 | Lair:1   | Found a runed translucent gate.
 12586 | Lair:1   | Found a runed translucent gate.
 12586 | Lair:1   | Found a runed translucent gate.
 12586 | Lair:1   | Noticed JaaP's ghost (journeyman MiFi)
 13198 | Lair:2   | Received a gift from Okawaru
 13445 | Lair:2   | Found a snail-covered altar of Cheibriados.
 13761 | Lair:2   | Reached ****** piety under Okawaru
 13789 | Lair:2   | Acquired the +9 scale mail of the New World {Str+4}
 13789 | Lair:2   | Received a gift from Okawaru
 13801 | Lair:2   | Acquired the +27 heavy crossbow "Sniper" {heavy, Acc+∞
                  | SInv}
 13801 | Lair:2   | Received a gift from Okawaru
 13801 | Lair:2   | Found the +27 heavy crossbow "Sniper" {heavy, Acc+∞ SInv}
 13839 | Lair:3   | Reached skill level 10 in Fighting
 13844 | Lair:3   | Reached XP level 13. HP: 82/82 MP: 22/22
 13923 | Lair:3   | Identified the ring "Cagodgh" {Wiz rC+ Dex+4}
 14008 | Lair:3   | Noticed Fannar
 14010 | Lair:3   | Killed Fannar
 14086 | Lair:3   | Reached skill level 1 in Armour
 14317 | Lair:3   | Found a hole to the Spider Nest.
 14660 | Lair:3   | Found a staircase to the Swamp.
 14809 | Lair:4   | Received a gift from Okawaru
 15285 | Lair:4   | Found a runed translucent door.
 15286 | Lair:4   | Noticed a reaper
 15353 | Lair:4   | Found a staircase to the Slime Pits.
 15353 | Lair:4   | Found a viscous altar of Jiyva.
 15587 | Lair:5   | Entered Level 5 of the Lair of Beasts
 15599 | Lair:5   | Received a gift from Okawaru
 15670 | Lair:5   | Reached skill level 15 in Ranged Weapons
 15693 | Lair:5   | Reached skill level 16 in Ranged Weapons
 15693 | Lair:5   | Reached XP level 14. HP: 88/88 MP: 23/23
 15714 | Lair:5   | Found a dark tunnel.
 15720 | Lair:5   | Reached skill level 15 in Dodging
 15726 | Lair:5   | Reached skill level 17 in Ranged Weapons
 15745 | Lair:5   | Received a gift from Okawaru
 15750 | Volcano  | Entered a volcano
 16067 | Lair:5   | Reached XP level 15. HP: 94/94 MP: 24/24
 16161 | Lair:5   | Received a gift from Okawaru
 16165 | Lair:5   | Reached skill level 5 in Armour
 16227 | Lair:5   | Found a runed translucent door.
 16227 | Lair:5   | Identified the +7 trident of the Summoning Oracle {heavy,
                  | rElec rCorr Dex+2}
 16229 | Lair:5   | Noticed MirrMurr's ghost (journeyman SpHu)
 16579 | Lair:5   | Reached skill level 18 in Ranged Weapons
 16662 | Lair:5   | Identified the ring of Umimotal {EV+5 Str+3 SInv}
 16932 | Lair:5   | Received a gift from Okawaru
 16935 | Lair:5   | Killed MirrMurr's ghost
 18355 | D:13     | Identified 2 scrolls of acquirement
 18355 | D:13     | Acquired a manual of Fighting
 18357 | D:13     | Acquired the +0 pair of boots of the Singing Gods {rPois
                  | rF+}
 18570 | D:13     | Received a gift from Okawaru
 19101 | D:14     | Found a gate to the Vaults.
 19105 | D:14     | Reached skill level 19 in Ranged Weapons
 19166 | D:14     | Found a runed translucent gate.
 19167 | D:14     | Found a runed translucent gate.
 19167 | D:14     | Noticed Poavur's ghost (journeyman FoFi)
 19168 | D:14     | Found a runed translucent gate.
 19210 | D:14     | Found an iron altar of Okawaru.
 19449 | D:15     | Entered Level 15 of the Dungeon
 19541 | D:15     | Received a gift from Okawaru
 19733 | D:14     | Identified the +7 spear of Annoyance {flame, SInv}
 20211 | D:15     | Reached XP level 16. HP: 101/101 MP: 25/25
 20219 | D:15     | Found a staircase to the Depths.
 20312 | D:15     | Reached skill level 20 in Ranged Weapons
 20312 | D:15     | Received a gift from Okawaru
 20746 | Orc:1    | Entered Level 1 of the Orcish Mines
 20793 | Orc:1    | Noticed Harold
 20797 | Orc:1    | Killed Harold
 21044 | Orc:1    | Paralysed by an orc sorcerer for 4 turns
 21208 | Orc:2    | Entered Level 2 of the Orcish Mines
 21208 | Orc:2    | Found Faetz's General Store.
 21235 | Orc:2    | Bought a potion of heal wounds for 75 gold pieces
 21249 | Orc:2    | Found a staircase to the Elven Halls.
 21541 | Orc:2    | Reached skill level 21 in Ranged Weapons
 21644 | Orc:2    | Found Kiuv's Weapon Emporium.
 21835 | Orc:2    | Found Ophu's Antique Armour Shoppe.
 21875 | Orc:2    | Found a burning altar of Makhleb.
 21994 | Orc:2    | Found Vyrifaqu's Antique Weapon Shop.
 21996 | Orc:2    | Found Nosaecin's Antique Armour Boutique.
 22083 | Orc:2    | Bought a dazzling ring mail for 297 gold pieces
 22083 | Orc:2    | Identified the +5 ring mail "Lommul Mar" {rC+} (You bought
                  | it in a shop on level 2 of the Orcish Mines)
 22295 | Swamp:1  | Entered Level 1 of the Swamp
 22350 | Swamp:1  | Received a gift from Okawaru
 22436 | Swamp:1  | Found a snail-covered altar of Cheibriados.
 23046 | Swamp:2  | Received a gift from Okawaru
 23057 | Swamp:2  | Reached skill level 22 in Ranged Weapons
 23576 | Swamp:3  | Received a gift from Okawaru
 23618 | Swamp:3  | Reached skill level 23 in Ranged Weapons
 23623 | Swamp:3  | Reached XP level 17. HP: 87/111 MP: 26/26
 24000 | Swamp:4  | Entered Level 4 of the Swamp
 24041 | Swamp:4  | Received a gift from Okawaru
 24042 | Swamp:4  | Reached skill level 24 in Ranged Weapons
 24227 | Swamp:4  | Found a runed translucent door.
 24228 | Swamp:4  | Noticed psellion's ghost (adept FoMo)
 24687 | Spider:1 | Entered Level 1 of the Spider Nest
 24696 | Spider:1 | Found a transporter.
 24719 | Spider:1 | Reached skill level 25 in Ranged Weapons
 24723 | Spider:1 | Received a gift from Okawaru
 24833 | Spider:1 | Identified the +2 falchion of the Gibberer {freeze, Int+2}
 24912 | Spider:1 | Found a transporter.
 25309 | Spider:2 | Reached skill level 26 in Ranged Weapons
 25329 | Spider:2 | Received a gift from Okawaru
 25802 | Spider:2 | Received a gift from Okawaru
 25827 | Spider:2 | Reached skill level 27 in Ranged Weapons
 26004 | Spider:2 | Reached XP level 18. HP: 116/116 MP: 27/27
 26323 | Spider:3 | Found a runed translucent door.
 26323 | Spider:3 | Noticed Ge0ff's ghost (adept OpHs)
 26360 | Spider:3 | Killed Ge0ff's ghost
 26366 | Spider:3 | Received a gift from Okawaru
 26883 | Spider:4 | Entered Level 4 of the Spider Nest
 27025 | Spider:4 | Reached skill level 15 in Fighting
 27055 | Spider:4 | Received a gift from Okawaru
 27645 | Spider:4 | Received a gift from Okawaru
 27716 | Spider:4 | Got a gossamer rune of Zot
 28051 | Elf:1    | Entered Level 1 of the Elven Halls
 28132 | Elf:1    | Noticed Azrael
 28137 | Elf:1    | Killed Azrael
 28227 | Elf:1    | Noticed Donald
 28229 | Elf:1    | Killed Donald
 28674 | Elf:1    | Reached XP level 19. HP: 125/125 MP: 28/28
 28683 | Elf:1    | Received a gift from Okawaru
 28881 | Elf:1    | Found Xecruhur's Weapon Emporium.
 28881 | Elf:1    | Paralysed by an air elemental for 1 turns
 29075 | Elf:1    | Noticed Jorgrun
 29076 | Elf:1    | Killed Jorgrun
 29201 | Elf:2    | Found an ancient bone altar of Kikubaaqudgha.
 29358 | Elf:2    | Reached skill level 10 in Armour
 29364 | Elf:2    | Found a runed translucent gate.
 29365 | Elf:2    | Found a runed translucent gate.
 29365 | Elf:2    | Found a runed translucent gate.
 29486 | Elf:2    | Received a gift from Okawaru
 29831 | Elf:3    | Entered Level 3 of the Elven Halls
 29858 | Elf:3    | Found a radiant altar of Vehumet.
 29875 | Elf:3    | Found Luexi's Antique Armour Shoppe.
 29880 | Elf:3    | Bought a shimmering scale mail for 180 gold pieces
 29880 | Elf:3    | Identified the +3 scale mail "Zorequw" {Int+3} (You bought
                  | it in a shop on level 3 of the Elven Halls)
 29881 | Elf:3    | Bought a glowing scarf for 160 gold pieces
 29925 | Elf:3    | Received a gift from Okawaru
 30205 | Elf:3    | Identified the +3 troll leather armour of the Hanged Man
                  | {rC+ rN+ Regen+ Str+2 Stlth-}
 30373 | Elf:3    | Identified the +0 robe of Ximakhurgh {*Corrode Fly rC+
                  | Int+3}
 30377 | Elf:3    | Identified the +3 leather armour of the Shore {+Inv rC+}
 30377 | Elf:3    | Identified the ring of Fehyghiv {Wiz rN+}
 30384 | Elf:3    | Identified the staff "Gyishix" {Str+3 Dex+4 Conj}
 30699 | Elf:3    | Identified the ring "Ykke" {Drain rF+ rC+ Will++}
 30764 | Elf:3    | Received a gift from Okawaru
 30823 | Elf:3    | Got a foxed book
 30898 | Elf:3    | Identified the +2 pair of boots of the Blessed Realm
                  | {rPois}
 30995 | Elf:3    | Got a yellowed book
 31005 | Elf:3    | Found the +8 Vampire's Tooth {megavamp}
 31021 | Elf:3    | Identified the +0 scale mail of Disguise {rN+ rCorr Stlth+}
 31026 | Elf:3    | Got a thrumming book
 31459 | Swamp:4  | Noticed a bone dragon
 31466 | Swamp:4  | Killed a bone dragon
 31597 | Swamp:4  | Reached XP level 20. HP: 131/131 MP: 32/32
 31644 | Swamp:4  | Got a decaying rune of Zot
 32113 | Vaults:1 | Entered Level 1 of the Vaults
 32113 | Vaults:1 | Found a portal to a secret trove of treasure.
 32445 | Vaults:1 | Received a gift from Okawaru
 32491 | Vaults:1 | Noticed Nikola
 32495 | Vaults:1 | Killed Nikola
 33169 | Vaults:2 | Received a gift from Okawaru
 33426 | Vaults:2 | Found Kotsec's Distillery.
 33435 | Vaults:2 | Bought a potion of heal wounds for 90 gold pieces
 33435 | Vaults:2 | Bought a potion of heal wounds for 90 gold pieces
 33435 | Vaults:2 | Bought a potion of heal wounds for 90 gold pieces
 33435 | Vaults:2 | Bought a potion of haste for 180 gold pieces
 33435 | Vaults:2 | Bought a potion of cancellation for 144 gold pieces
 33750 | Vaults:2 | Received a gift from Okawaru
 33973 | Vaults:2 | Noticed Saint Roka
 34012 | Vaults:2 | Killed Saint Roka
 34123 | Vaults:2 | Reached XP level 21. HP: 136/136 MP: 33/33
 34153 | Vaults:2 | Received a gift from Okawaru
 34275 | Vaults:2 | Found a staircase to the Crypt.
 34429 | Vaults:3 | Identified the +1 leather armour of Temperance {Drain rElec
                  | rN++ Str+3}
 34920 | Vaults:3 | Received a gift from Okawaru
 35429 | Vaults:3 | Found Kutel's Book Boutique.
 35683 | Vaults:3 | Received a gift from Okawaru
 35698 | Vaults:3 | Found the +6 lightning scales {swift, rElec}
 35914 | Vaults:4 | Found Isaveg's Book Emporium.
 35957 | Vaults:4 | Found a magical portal.
 35988 | WizLab   | Entered Maxwell's Workshop
 36115 | WizLab   | Identified the ring "Keuna" {Fire rElec rPois Dex+2}
 36181 | WizLab   | Received a gift from Okawaru
 36356 | WizLab   | Identified the +1 ring mail "Gabirghyxt" {Will+ rCorr
                  | Str-3}
 36627 | Vaults:4 | Found Fear Megupa's General Store.
 36636 | Vaults:4 | Bought a potion of heal wounds for 115 gold pieces
 36826 | Vaults:4 | Reached XP level 22. HP: 146/148 MP: 32/34
 36833 | Vaults:4 | Received a gift from Okawaru
 37081 | Vaults:4 | Identified the ring "Hipeyb" {*Slow Fly rPois rC+++ Str-4}
 37812 | Slime:1  | Entered Level 1 of the Pits of Slime
 37899 | Slime:4  | Gained mutation: You are weak. (Str -2) [a shining eye]
 37914 | Slime:3  | Received a gift from Okawaru
 37985 | Slime:5  | Entered Level 5 of the Pits of Slime
 38135 | Slime:5  | Noticed the Royal Jelly
 38153 | Arena    | Entered the Arena
 38169 | Arena    | Killed the Royal Jelly
 38432 | Slime:5  | Identified the +4 spear of Bethobomm {speed, rF+ Str-5
                  | Dex+2 Stlth+}
 38438 | Slime:5  | Got a slimy rune of Zot
 38439 | Slime:5  | Identified the +2 robe "Suet" {Contam rC+ rN+}
 38845 | Slime:5  | Found the +1 robe of Vines {NoPotionHeal Regen++++}
 38859 | Slime:5  | Identified the +12 chain mail "Liuth" {Int+3}
 39509 | Depths:1 | Entered Level 1 of the Depths
 39528 | D:15     | Received a gift from Okawaru
 39585 | Depths:1 | Found a one-way gate to the infinite horrors of the Abyss.
 39738 | Depths:1 | Found a gateway to Hell.
 40181 | Depths:1 | Received a gift from Okawaru
 40520 | Depths:2 | Reached XP level 23. HP: 145/160 MP: 25/35
 40858 | Depths:2 | Noticed Norris
 40879 | Depths:2 | Killed Norris
 40982 | Depths:2 | Received a gift from Okawaru
 41209 | Depths:2 | Found a one-way gate leading to the halls of Pandemonium.
 41293 | Depths:2 | Identified the ring of Arphatu {rPois rF+ rN+ Str+4 Slay-5}
 41529 | Depths:3 | Noticed Sojobo
 41539 | Depths:3 | Killed Sojobo
 41616 | Depths:3 | Found a transporter.
 41796 | Depths:3 | Noticed Xtahua
 41813 | Depths:3 | Killed Xtahua
 42199 | Depths:3 | Found a shimmering blue altar of Sif Muna.
 42429 | Depths:4 | Entered Level 4 of the Depths
 42620 | Depths:4 | Found a one-way gateway to a ziggurat.
 42722 | Depths:4 | Found a white marble altar of Elyvilon.
 42859 | Depths:4 | Received a gift from Okawaru
 43058 | Depths:4 | Noticed Parghit
 43074 | Depths:4 | Killed Parghit
 43183 | Depths:4 | Found a gate to the Realm of Zot.
 43200 | Zot:1    | Entered Level 1 of the Realm of Zot
 43500 | Zot:4    | Received a gift from Okawaru
 43509 | Zot:4    | Reached XP level 24. HP: 168/172 MP: 33/35
 43528 | Zot:5    | Entered Level 5 of the Realm of Zot
 43935 | Zot:5    | Noticed a Killer Klown
 43942 | Zot:5    | Killed a Killer Klown
 43942 | Zot:5    | Received a gift from Okawaru
 43965 | Zot:5    | Noticed a Killer Klown
 43969 | Zot:5    | Noticed an orb of fire
 43972 | Zot:5    | Gained mutation: You are strong-willed. (Will+) [an orb of
                  | fire]
 43980 | Zot:5    | Killed an orb of fire
 44005 | Zot:5    | Noticed a Killer Klown
 44007 | Zot:5    | Killed a Killer Klown
 44022 | Zot:5    | Killed a Killer Klown
 44124 | Zot:5    | Noticed a Killer Klown
 44132 | Zot:5    | Killed a Killer Klown
 44134 | Zot:5    | Noticed a Killer Klown
 44142 | Zot:5    | Killed a Killer Klown
 44160 | Zot:5    | Received a gift from Okawaru
 44561 | Zot:5    | Noticed an orb of fire
 44571 | Zot:5    | Killed an orb of fire
 44585 | Zot:5    | Noticed an orb of fire
 44592 | Zot:5    | Noticed an orb of fire
 44600 | Zot:5    | Noticed a Killer Klown
 44601 | Zot:5    | Killed an orb of fire
 44615 | Zot:5    | Noticed a Killer Klown
 44617 | Zot:5    | Killed an orb of fire
 44623 | Arena    | Entered the Arena
 44626 | Arena    | Killed a Killer Klown
 44626 | Arena    | Received a gift from Okawaru
 44647 | Zot:5    | Killed a Killer Klown
 44666 | Zot:5    | Noticed a Killer Klown
 44678 | Zot:5    | Killed a Killer Klown
 44681 | Zot:5    | Noticed a Killer Klown
 44696 | Zot:5    | Killed a Killer Klown
 44715 | Zot:5    | Noticed a Killer Klown
 44725 | Zot:5    | Killed a Killer Klown
 44762 | Zot:5    | Noticed an ancient lich
 44768 | Zot:5    | Killed an ancient lich
 45035 | Zot:5    | Got the Orb of Zot
 45071 | Zot:4    | Received a gift from Okawaru
 45270 | D:15     | Reached XP level 25. HP: 184/184 MP: 35/35
 45595 | D:1      | gg
 45596 | D:$      | Escaped with the Orb!

Illustrated notes

#.# #.##.............#
#.#####.##.#####.#####.#
#...(...##.#≈≈≈#.#≈≈S#.#
##########.#≈≈≈#.#≈S≈#.#
#.#≈≈≈#.#≈≈≈#.#
#.#####.#####.#
#.............#
#.8.#######.8.#
#......@......#
###############


Turn 45595 on D:1: gg

Levels and vault maps discovered:
D:1:      arrival_aquarium_b, layout_basic, minmay_misc_feat_plants
D:2:      cheibrodos_helix_gallery, layout_loops_ring, basic_altar,
          basic_ecumenical_altar, dk_noncrumbling_2, kennysheep_nondescript
D:3:      layout_basic, nicolae_ru_awakened_eye, mainiacjoe_overflow_brackets,
          kennysheep_path_1, st_stairs_8
D:4:      layout_basic, uniq_edmund, uniq_crazy_yiuf_cottage
D:5:      layout_cave_pools, nzn_hepliaklqana_mist_gate,
          mainiacjoe_overflow_concentric_impassable, serial_shops,
          nicolae_book_shop_shelving, uniq_pikel, uniq_prince_ribbit1
D:6:      layout_loops_ring, kennysheep_mini, nicolae_overflow_squiral,
          small_statue_intersection, serial_bayou_crossing, uniq_jeremiah,
          uniq_eustachio
D:7:      layout_basic, minmay_temple_entry_butterflies
D:8:      layout_cave_pools, uniq_grum, uniq_joseph
D:9:      layout_roguey, lemuel_tele_altar, dpeg_oklobed_lair,
          biasface_ghost_orc_armoury, uniq_psyche
D:10:     layout_irregular_city, mainiacjoe_overflow_chevrons,
          mainiacjoe_overflow_alcove_4, uniq_josephine
D:11:     due_megacathedral, layout_irregular_city, orc_0_dummy,
          corexii_checkpoint_a
D:12:     layout_gridville
D:13:     layout_grid_maze, mumra_transporter_accident
D:14:     wad_crossroads, layout_long_grid, erik_vaults_1, dk_noncrumbling_4,
          gammafunk_ghost_fury_of_okawaru, minivault_26, grunt_tough_drop
D:15:     gammafunk_depths_entry_grave, layout_loops_cross, kb_rosetta
Temple:   hellmonk_temple_forest_ring
Lair:1:   layout_layer_cave, ebering_ghost_rock_garden, lemuel_fruit_fields
Lair:2:   layout_loops_ring, chequers_serial_rivers_micro_c,
          kennysheep_snail_temple
Lair:3:   layout_regular_city, minmay_swamp_entry_worms, dummy_spider_entry,
          uniq_fannar
Lair:4:   layout_regular_city, minmay_slime_entry_pillars,
          pdpol_lair_cabin_in_the_woods, lemuel_fruit_tree
Lair:5:   evilmike_catoblepas_cave, layout_regular_city,
          nicolae_volcano_entry_lava_flow, ebering_ghost_funeral_grove
Swamp:1:  layout_falls_marsh, nicolae_swamp_godswood, swamp_pool2,
          nicolae_swamp_very_dense_foliage
Swamp:2:  layout_basic_swamp, nicolae_swamp_ascending_descending
Swamp:3:  layout_basic_swamp, nicolae_swamp_tree_isthmus, swamp_pool1
Swamp:4:  swamp_pestilence, layout_basic_swamp, ebering_ghost_inner_flame,
          swamp_pool3
Spider:1: gammafunk_sealed_arena, hive_lemuel
Spider:2: layout_cave_pods, hangedman_spider_tarantella_strand
Spider:3: nicolae_spider_mines_2, hellmonk_ghost_happy_afterlife, drop_trap
Spider:4: spider_rune_water, nicolae_spider_scorpion_nest
Slime:1:  layout_caves
Slime:2:  layout_caves
Slime:3:  layout_caves
Slime:4:  layout_caves, cheibrodos_slime_lost_civilization_7
Slime:5:  slime_pit_nicolae_inversion
Orc:1:    layout_caves, serial_shops, uniq_harold
Orc:2:    grunt_orc_community_town_hall, layout_diamond_mine,
          grunt_orc_community_big_house_2, grunt_orc_community_big_house_2,
          grunt_orc_community_house_2, grunt_orc_community_house_2,
          grunt_orc_community_house_1, grunt_orc_community_house_1,
          serial_shops, nicolae_shop_tiny_glass, lemuel_statue_altar
Elf:1:    elf_arrival_001, layout_gridlike, serial_shops,
          nicolae_shop_tiny_glass, minmay_elf_crystal_heptagon, st_stairs_6,
          uniq_azrael, uniq_donald, uniq_jorgrun
Elf:2:    nicolae_elf_blades_crystal_corner, layout_rooms, basic_altar
Elf:3:    grunt_elf_hall_diamonds, layout_geoelf_octagon, serial_shops,
          shop_fountains, basic_altar, minivault_23, minmay_misc_feat_diagonals,
          minivault_15
Vaults:1: nicolae_vaults_turnstiles, v_misc_30, grunt_vaults_hallway_long,
          v_rooms_5, st_smaller_cells, vaults_room_boxed,
          ontoclasm_vaults_ring_small, hangedman_vaults_stagger,
          nicolae_vaults_trapezoid_3, nicolae_vaults_tangram_2,
          nicolae_vaults_alarming, nicolae_vaults_apartment_2,
          ontoclasm_vaults_tryst, layout_vaults_omnibox, enter_trove_1,
          uniq_nikola
Vaults:2: dpeg_vaults_monster_box, v_rooms_6, nicolae_vaults_trapezoid_2,
          hangedman_vaults_stretched_pinwheel, v_misc_27,
          ontoclasm_vaults_twist, hangedman_vaults_hat, blue_anna_dwarven_crypt,
          nicolae_vaults_yaktaur_gun_rack, hangedman_vaults_pinch,
          vaults_room_guarded_vault, vaults_room_semicircle,
          nicolae_vaults_tetromino_L_2, vaults_dpeg_cross,
          nicolae_vaults_little_squares_6, layout_vaults_big_cross,
          serial_shops, shop, uniq_saint_roka
Vaults:3: nicolae_vaults_storage_room_doors, nicolae_vaults_security_offices_1,
          ontoclasm_vaults_gateway, nicolae_vaults_theta, v_alt_pattern_5,
          vaults_room_fancy_cross, vaults_dpeg_spiral,
          nicolae_vaults_heart-shaped_vault, layout_vaults_omnigrid,
          serial_shops, nicolae_shop_waterfront
Vaults:4: lightli_enter_wizlab_magi_temple, vaults_room_hallway,
          hangedman_vaults_stretched_pinwheel, v_pattern_1,
          nicolae_vaults_closet_pinwheel_5, v_misc_30,
          nicolae_vaults_trapezoid_lopsided_2, ontoclasm_vaults_fault,
          nicolae_vaults_antechamber_and_loot_room,
          nicolae_vaults_oval_intersection, vaults_mumra_hexcomb, v_misc_17,
          grunt_vaults_trifunnel, layout_vaults_maze_snakey, serial_shops,
          nicolae_shop_tiny_statue_garden, nicolae_lakefront_shop
Depths:1: layout_gridlike, abyss_entry_glasseish, hellmouth_3,
          kennysheep_generic_room_16
Depths:2: mu_elephants_graveyard, layout_long_grid, pan_entry,
          grunt_hell_entry_dis_old, serial_bayou_lagoon_a, nicolae_letterblocks
          [nicolae_letter_subblock, nicolae_letter_subblock,
          nicolae_letter_subblock, nicolae_letter_subblock,
          nicolae_letter_subblock, nicolae_letter_subblock,
          nicolae_letter_subblock, nicolae_letter_subblock,
          nicolae_letter_subblock, nicolae_letter_subblock,
          nicolae_letter_subblock, nicolae_letter_subblock,
          nicolae_letter_subblock, nicolae_letter_subblock,
          nicolae_letter_subblock, nicolae_letter_subblock,
          nicolae_letter_subblock, nicolae_letter_subblock,
          nicolae_letter_subblock, nicolae_letter_subblock,
          nicolae_letter_subblock, nicolae_letter_subblock,
          nicolae_letter_subblock, nicolae_letter_subblock,
          nicolae_letter_subblock], uniq_norris
Depths:3: gammafunk_sealed_library, layout_cave_pools, hell_entry,
          serial_co_window_serial, co_window_paths_a, co_window_paths_a,
          co_window_paths_b, co_window_of_opportunity_a, co_window_paths_a,
          co_window_2corner, co_window_corner_cb, co_window_cross_4,
          co_window_broadway_a, co_window_unsneaky_path_d, glass_columns_a,
          hangedman_abyss_entry_splay, nicolae_twisty_statue_hallways,
          uniq_xtahua, uniq_sojobo, uniq_jory
Depths:4: evilmike_zot_entry_hall, layout_cave_pools, enter_ziggurat_f,
          marbit_kobold_abyss_entry, rand_demon_pan_entry_8, hell_entry,
          elyvilon_altar_3, serial_bayou_shore_b, uniq_parghit
Zot:1:    layout_cathedral_of_symmetry, grunt_ministairs_12, grunt_megastairs_2
Zot:2:    minmay_elemental_castle, layout_basic, uniq_vv
Zot:3:    layout_concentric_octagons
Zot:4:    layout_misc_corridors, st_stairs_10, skrybe_zot_glass_2
Zot:5:    layout_misc_corridors

Skill      XL: |  1  2  3  4  5  6  7  8  9 10 11 12 13 14 15 16 17 18 19 20 21 22 23 24 |
---------------+-------------------------------------------------------------------------+-----
Ranged Weapons | 2 3 4 6 8 9 11 14 16 17 19 23 27 | 27.0
Fighting       | 2 3 4 6 8 10 11 12 14 16 18 21 23 26 | 26.0
Dodging        | 4 5 6 10 12 14 15 17 18 19 20 24 25 | 25.0
Evocations     | 4 6 |  6.0
Invocations    | 3 5 8 10 14 | 14.0
Armour         | 3 4 5 8 11 | 11.0
Long Blades    | |  2.8
Throwing       | |  2.0

Action                     |  1- 3 |  4- 6 |  7- 9 | 10-12 | 13-15 | 16-18 | 19-21 | 22-24 | 25-27 || total
---------------------------+-------+-------+-------+-------+-------+-------+-------+-------+-------++-------
  Melee: Long sword        |    37 |       |       |       |       |       |       |       |       ||    37
         Short sword       |    35 |     1 |       |       |       |       |       |       |       ||    36
         Punch             |     1 |       |       |       |       |       |       |       |       ||     1
   Fire: Orcbow            |    21 |   168 |   361 |   286 |       |       |       |       |       ||   836
         Sling             |       |       |       |   663 |       |       |       |       |       ||   663
         Heavy crossbow    |       |       |       |     2 |   296 |   728 |   341 |       |       ||  1367
         Longbow           |       |       |       |       |       |       |   809 |  2013 |    18 ||  2840
 Invoke: Heroism           |       |       |     1 |     6 |     3 |     8 |     6 |     1 |       ||    25
         Receive Weapon    |       |       |       |     1 |       |       |       |       |       ||     1
         Receive Armour    |       |       |       |     1 |       |       |       |       |       ||     1
         Finesse           |       |       |       |       |     1 |     3 |     4 |    11 |       ||    19
         Duel              |       |       |       |       |       |       |       |     2 |       ||     2
  Evoke: Wand              |       |       |    16 |       |       |     2 |       |       |       ||    18
    Use: Scroll            |     1 |     6 |     9 |     7 |    14 |     7 |     1 |     6 |       ||    51
         Potion            |       |     1 |     2 |     1 |     1 |       |     1 |     8 |       ||    14
   Stab: Sleeping          |     1 |       |       |       |       |       |       |       |       ||     1
 Armour: Leather armour    |    45 |    47 |    83 |    68 |       |       |       |       |       ||   243
         Robe              |       |       |       |    84 |       |       |       |    66 |     1 ||   151
         Scale mail        |       |       |       |       |    77 |   224 |    12 |       |       ||   313
         Troll leather arm |       |       |       |       |       |       |    87 |    58 |       ||   145
  Dodge: Dodged            |    56 |    66 |    99 |   422 |   162 |   718 |   511 |   571 |     3 ||  2608
         Repelled          |       |       |       |       |       |     1 |     3 |    20 |       ||    24

Table legend: (Time is in decaauts)
 A = Elapsed time spent in this place.
 B = Non-inter-level travel time spent in this place.
 C = Inter-level travel time spent in this place.
 D = Time resting spent in this place.
 E = Time spent auto-exploring this place.
 F = Levels seen in this place.
 G = Mean time per level.
                   A        B        C        D        E       F      G
               +--------+--------+--------+--------+--------+-----+--------+
         Total |  45645 |  41209 |   4436 |   3821 |  26586 |  56 |  815.1 |
       Dungeon |  16484 |  14476 |   2008 |   1856 |   9563 |  15 | 1098.9 |
        Temple |     36 |      2 |     34 |      0 |      0 |   1 |   36.0 |
          Lair |   6026 |   5337 |    689 |    303 |   3786 |   5 | 1205.2 |
         Swamp |   3516 |   3110 |    406 |    252 |   2144 |   4 |  879.0 |
   Spider Nest |   3507 |   3283 |    224 |    255 |   1906 |   4 |  876.8 |
    Slime Pits |   1048 |   1000 |     48 |    197 |    314 |   5 |  209.6 |
  Orcish Mines |   1616 |   1448 |    168 |     31 |   1026 |   2 |  808.0 |
   Elven Halls |   3239 |   3038 |    201 |    386 |   1775 |   3 | 1079.7 |
        Vaults |   4635 |   4354 |    281 |    280 |   2961 |   4 | 1158.8 |
        Depths |   3234 |   3037 |    197 |      3 |   2299 |   4 |  808.5 |
           Zot |   1600 |   1425 |    175 |    250 |    440 |   5 |  320.0 |
       Volcano |    225 |    225 |      0 |      0 |    124 |   1 |  225.0 |
        Wizlab |    447 |    447 |      0 |      0 |    245 |   1 |  447.0 |
         Arena |     25 |     25 |      0 |      4 |      0 |   2 |   12.5 |
               +--------+--------+--------+--------+--------+-----+--------+

Top non-repeatable levels by time:
     D:7: 1995 daAuts
    D:13: 1427 daAuts
    D:11: 1368 daAuts
     D:6: 1364 daAuts
  Lair:5: 1330 daAuts
  Lair:3: 1268 daAuts
 Swamp:4: 1268 daAuts
   Elf:3: 1257 daAuts
Vaults:3: 1247 daAuts
  Lair:1: 1202 daAuts
   Elf:1: 1194 daAuts
     D:4: 1189 daAuts
   Zot:5: 1179 daAuts
Vaults:1: 1178 daAuts
Vaults:2: 1171 daAuts
